AoeStats
← PolloPolloPolla

Arabia

507051025Analyzed
1v1 RM · 15d ago on Sep 16, 2026· 45m 22s· 2 players
Game mode
Random Map
Map size
Tiny (2 player)
Population
200
Speed
Normal
Resources
Standard
Victory
Conquest
Starting age
Dark Age
Ending age
Imperial Age
RankedLock teamsTeams togetherTeam positionsShared explorationLock speedFull tech treeHidden civsTurbo modeCheats
Victory
Defeat
🇺🇸 Mongols · United States
1009
+15
🇪🇸 Italians · Spain
997
-15
PolloPolloPolla
8:00 Loom
10:24 Feudal Age
16:55 Double-Bit Axe
21:26 Castle Age
19:33 Fletching
20:10 Padded Archer Armor
19:58 Horse Collar
22:33 Bow Saw
21:50 Crossbowman
25:42 Bodkin Arrow
26:32 Wheelbarrow
30:39 Thumb Ring
31:02 Ballistics
31:05 Leather Archer Armor
31:45 Sanctity
31:36 Fervor
32:48 Bloodlines
32:38 Husbandry
33:12 Town Watch
34:13 Heavy Plow
36:26 Bloodlines
36:17 Husbandry
36:35 Scale Barding Armor
39:26 Imperial Age
40:13 Bracer
40:55 Chain Barding Armor
42:51 Chemistry
42:03 Cavalier
Purdue
5:52 Loom
8:34 Feudal Age
9:52 Horse Collar
20:05 Castle Age
19:36 Bloodlines
22:30 Gold Mining
23:21 Double-Bit Axe
23:44 Heavy Plow
25:05 Wheelbarrow
25:28 Husbandry
24:54 Elite Skirmisher
25:38 Padded Archer Armor
25:46 Town Watch
26:03 Fletching
27:07 Stone Mining
28:38 Scale Barding Armor
30:23 Thumb Ring
31:13 Fervor
32:29 Hand Cart
34:15 Town Patrol
34:24 Bodkin Arrow
35:10 Leather Archer Armor
37:17 Chain Barding Armor
37:07 Forging
37:14 Squires
40:14 Imperial Age
40:01 Iron Casting
39:44 Pikeman
40:11 Arson
41:28 Parthian Tactics
40:25 Heavy Cavalry Archer
42:26 Conscription
43:34 Chemistry
42:54 Ballistics
42:40 Siege Engineers
42:00 Elite Mangudai
44:03 Heavy Camel Rider
44:33 Light Cavalry
Connection lost

Rejoining the realm…

Still unreachable

The connection could not be restored.

Session expired

The server has moved on; the page needs a fresh start.